 Dungeon Crawl Stone Soup version 0.16.1-5-gaa23807 (webtiles) character file.

99810 Tolias the Black Belt (level 15, -5/124 HPs)
             Began as a Demonspawn Monk on Mar 28, 2015.
             Was the Champion of Fedhas.
             Slain by an orc warrior
             ... wielding a +0 halberd
              (16 damage)
             ... on level 4 of the Orcish Mines.
             The game lasted 01:32:41 (36272 turns).

Tolias the Black Belt (Demonspawn Monk)            Turns: 36272, Time: 01:32:41

Health: -5/124     AC: 24    Str: 19    XL:     15   Next: 78%
Magic:  26/27      EV: 19    Int: 13    God:    Fedhas [******]
Gold:   2715       SH:  0    Dex: 19    Spells: 3 memorised, 13 levels left

rFire  . . .     SeeInvis .       - Unarmed
rCold  + . .     Clarity  .     o - +6 mottled dragon armour
rNeg   . . .     SustAb   .     (no shield)
rPois  .         Gourm    .     l - +2 helmet
rElec  .         Spirit   .     F - +2 cloak
rCorr  .         Warding  .     (no gloves)
rMut   .         Stasis   .     A - +2 pair of boots
MR     ++...                    (no amulet)
Stlth  ++++++....               w - ring of protection from cold
                                x - +4 ring of strength

@: lethally poisoned (-5 -> -5), studying Fighting, very resistant to hostile
enchantments, very stealthy
A: claws 1, thin metallic scales 1, magic resistance 1, nightstalker 3, powered
by death 3, spit poison 1, strong 1
a: Spit Poison, Evolution, Sunlight, Growth, Reproduction, Rain, Renounce
Religion


You were on level 4 of the Orcish Mines.
You worshipped Fedhas.
Fedhas was exalted by your worship.
You were not hungry.

You visited 4 branches of the dungeon, and saw 28 of its levels.
You also visited: Ice Cave.

You collected 3304 gold pieces.
You spent 589 gold pieces at shops.

Inventory:

Missiles
 G - 8 curare-tipped needles
 O - 6 throwing nets {=f}
Armour
 l - a +2 helmet (worn)
 o - a +6 mottled dragon armour (worn)
 A - a +2 pair of boots (worn)
 F - a +2 cloak (worn)
Rods
 z - a +1 rod of clouds (12/12) {!a}
   (You found it on level 14 of the Dungeon)
Jewellery
 s - an uncursed amulet of stasis
 w - a ring of protection from cold (right claw)
 x - a +4 ring of strength (left claw)
Magical devices
 i - a wand of digging (12)
 I - a wand of disintegration (14)
 K - a wand of polymorph (14)
 L - a wand of confusion (8)
 Q - a wand of disintegration (8)
 T - a wand of flame (16)
 W - a wand of paralysis (1)
Scrolls
 f - 4 scrolls of enchant armour
 g - 4 scrolls of magic mapping
 q - a scroll of blinking
 v - 7 scrolls of enchant weapon
 H - 9 scrolls of remove curse
 S - 6 scrolls of teleportation
Potions
 a - 3 potions of cancellation
 c - 8 potions of curing
 d - a potion of resistance
 j - 5 potions of restore abilities
 m - a potion of berserk rage
 p - 4 potions of haste
 t - 2 potions of might
 u - 3 potions of brilliance
 E - 2 potions of heal wounds
 P - 2 potions of flight
 R - a potion of ambrosia
 X - 2 potions of agility
Books
 e - a manual of Fighting
 J - a book of Minor Magic

   Spells                             Type                      Level
   a - Magic Dart                     Conjuration                  1
   b - Blink                          Translocation                2
   c - Call Imp                       Summoning                    2
   d - Repel Missiles                 Charms/Air                   2
   e - Slow                           Hexes                        2
   f - Conjure Flame                  Conjuration/Fire             3
   g - Mephitic Cloud                 Conjuration/Poison/Air       3
 V - a book of Envenomations

   Spells                             Type                      Level
   a - Spider Form                    Transmutation/Poison         3
   b - Alistair's Intoxication        Transmutation/Poison         4
   c - Olgreb's Toxic Radiance        Poison                       4
   d - Poisonous Cloud                Conjuration/Poison/Air       6
Miscellaneous
 B - a fan of gales (inert)
 N - a phial of floods
 U - a stone of tremors
Comestibles
 b - 13 bread rations
 n - 32 fruits {!e}
 r - 11 royal jellies
 C - 8 meat rations
 D - 3 slices of pizza
 Y - 2 beef jerkies


   Skills:
 - Level 13.6 Fighting
 - Level 4.0 Armour
 - Level 9.2 Dodging
 - Level 3.8 Stealth
 + Level 15.6 Unarmed Combat
 - Level 4.0 Spellcasting
 - Level 5.3 Charms
 - Level 5.3 Translocations
 - Level 5.0 Transmutations
 - Level 5.1 Air Magic
 - Level 7.0 Invocations
 - Level 9.3 Evocations


You had 13 spell levels left.
You knew the following spells:

 Your Spells              Type           Power        Failure   Level  Hunger
a - Blade Hands           Trmt           ###.......   86%         5    ######.
q - Blink                 Tloc           N/A          6%          2    ##.....
v - Repel Missiles        Chrm/Air       ###...       6%          2    ##.....


Dungeon Overview and Level Annotations

Branches:
Dungeon (15/15)            Temple (1/1) D:7            Lair (8/8) D:9
  Swamp (0/5) Lair:4       Shoals (0/5) Lair:3        Snake (0/5) Lair:3
  Slime (0/6) Lair:6          Orc (4/4) D:11            Elf (0/3) Orc:3
 Vaults (0/5) D:14         Depths (0/5) D:15

Altars:
Ashenzari
Cheibriados
Dithmenos
Elyvilon
Fedhas
Gozag
Kikubaaqudgha
Makhleb
Nemelex Xobeh
Okawaru
Qazlal
Ru
Sif Muna
Trog
Xom
Yredelemnul
The Shining One
Beogh

Shops:
D:8 !*::*   D:14 (

Annotations:
D:4 Eustachio
D:8 Gastronok
D:9 exclusions: door and downstairs
Lair:6 Nergalle


Innate Abilities, Weirdness & Mutations

You have sharp fingernails.
You are partially covered in thin metallic scales (AC +2).
You are completely attuned to the shadows.
You can steal the life force of all defeated enemies in sight.
You are resistant to hostile enchantments.
You can spit poison.
Your muscles are strong. (Str +2)


Message History

Select sunlight destination.
Press: ? - help, Dir - move target cursor You feel slightly more hungry.
The orc warrior misses you.
The orc warrior hits you with a halberd!!
* * * LOW HITPOINT WARNING * * *
You scratch the orc warrior!!
The orc warrior begins to bleed from its wounds!
The orc warrior is almost dead.
You feel sick.
You scratch the orc warrior but do no damage.
The orc warrior is almost dead.
The orc warrior hits you with a halberd!
* * * LOW HITPOINT WARNING * * *
You barely miss the orc warrior.
The orc warrior is almost dead.
You completely miss the orc warrior.
The orc warrior is almost dead.
The orc warrior hits you with a halberd!
You die...
Fedhas appreciates your contribution to the ecosystem.

....#................)P....##....
....#.......................##...
............................###.#
.............................##.#
........................#........
.........................##......
..........................#.#....
...........[[................#...
...............o@.........#.###..
............)..............##....
####..#.....#..####........##....
# ##.#...(o#.## #.........##... #
##8..(8### #..........##.. #
#.....# ##.........####. #
..#..(..#... #.......... ## #
...o.......# #..†.....# #
#####....()...## ##.......


You could see an orc warrior (bleeding).

Vanquished Creatures
  Saint Roka (Orc:4)
  Maud (D:15)
  2 rakshasas (D:15)
  A fire dragon (Lair:8)
  An ice dragon (Lair:3)
  6 hydras
  Harold (Lair:2)
  5 centaur warriors
  An orc high priest (Orc:4)
  2 tengu warriors
  A death yak (Lair:6)
  A skeletal warrior (D:14)
  9 hill giants
  An unseen horror (shapeshifter) (D:15)
  2 ice statues (IceCv)
  An ice devil (IceCv)
  An obsidian statue (D:15)
  Erolcha (D:13)
  Pikel (D:5)
  A lindwurm (Lair:8)
  2 cyclopes
  4 orc knights
  A necromancer (IceCv)
  2 orc sorcerers
  2 griffons
  A manticore (D:15)
  6 ugly things (D:15)
  A guardian serpent (shapeshifter) (D:15)
  6 black mambas
  A guardian serpent (Lair:3)
  An elephant (shapeshifter) (D:12)
  5 torpor snails (Lair:8)
  10 spiny frogs
  3 gargoyles
  A rust devil (Orc:4)
  6 komodo dragons
  An elf (Orc:4)
  An efreet (D:14)
  A yaktaur (D:15)
  2 tengu conjurers
  18 blink frogs
  11 polar bears
  A queen bee (shapeshifter) (D:15)
  A jumping spider (shapeshifter) (D:15)
  A two-headed ogre (D:12)
  Grinder (D:3)
  18 slime creatures
  Prince Ribbit (D:6)
  A raiju (Lair:8)
  7 blue devils (IceCv)
  3 giant leeches (Lair:8)
  4 ravens
  A queen bee (D:8)
  6 trolls
  3 basilisks
  A water elemental (D:14)
  A wraith (D:10)
  3 deep elf magi
  A trapdoor spider (D:13)
  3 wyverns
  A vampire mosquito (D:14)
  A steam dragon (D:13)
  8 hippogriffs
  2 hungry ghosts
  40 wolves
  32 yaks
  15 humans
  3 porcupines
  3 hell hounds (Lair:8)
  2 mottled dragons
  26 wargs
  14 water moccasins
  2 soldier ants
  23 orc warriors
  3 phantoms
  3 sky beasts
  14 ice beasts
  5 wasps
  2 necrophages
  14 black bears
  18 centaurs
  A slave (D:6)
  4 eyes of draining
  3 boggarts (D:15)
  11 crocodiles
  19 giant frogs
  4 ogres
  Sigmund (D:6)
  Duvessa (D:6)
  5 brain worms
  A wyvern skeleton (D:12)
  6 jellies
  6 scorpions
  16 wights
  2 electric eels
  31 killer bees
  A quasit (D:11)
  A wasp zombie (D:12)
  Dowan (D:6)
  6 crimson imps
  3 giant frog zombies
  2 draconian simulacra (IceCv)
  21 orc priests
  4 centaur skeletons
  25 orc wizards
  Crazy Yiuf (D:5)
  2 centaur zombies
  3 giant frog skeletons
  26 hounds
  10 worker ants
  6 iguanas
  15 sheep
  A spriggan simulacrum (IceCv)
  A killer bee zombie (D:11)
  2 hell rats (Lair:7)
  4 troll simulacra (IceCv)
  Ijyb (D:6)
  Jessica (D:2)
  3 mummies
  Robin (D:3)
  3 naga simulacra (IceCv)
  24 adders
  An orc zombie (D:12)
  A giant mite (D:3)
  20 river rats
  2 white imps (Lair:3)
  17 worms
  3 shadow imps
  3 adder skeletons
  10 giant geckos
  An ooze (D:3)
  191 orcs
  7 giant cockroaches
  28 goblins
  17 hobgoblins
  14 jackals
  17 quokkas
  3 ball pythons
  11 bats
  A giant gecko zombie (D:5)
  8 giant newts
  12 kobolds
  24 rats
  A butterfly (Temple)
1085 creatures vanquished.

Vanquished Creatures (collateral kills)
  A hydra (Lair:8)
  A death yak (Lair:7)
  A wandering mushroom (Lair:5)
  An orc knight (Orc:4)
  2 ugly things (D:15)
  A black mamba (Lair:5)
  Psyche (D:10)
  2 spiny frogs (Lair:1)
  A troll (Orc:4)
  A polar bear (Lair:3)
  2 komodo dragons (Lair:1)
  5 blink frogs
  4 wolves
  2 yaks
  A water moccasin (Lair:7)
  A hell hound (Lair:8)
  A porcupine (Lair:7)
  An ice beast (Lair:3)
  A crocodile (Lair:5)
  A boring beetle (Lair:7)
  A giant frog (D:13)
  Blork the orc (Orc:4)
  2 killer bees (D:8)
  A hound (Lair:8)
  A wight (D:8)
  2 orc priests (D:13)
  5 sheep
  5 orcs
  A quokka (Lair:5)
  2 orc skeletons (Orc:4)
52 creatures vanquished.

Vanquished Creatures (others)
  An air elemental (Orc:4)
  2 water elementals (D:15)
  14 wandering mushrooms
  A centaur (D:6)
  A river rat (Lair:2)
  A giant mite (D:6)
  A hobgoblin (D:10)
  A kobold (D:6)
  A giant spore (D:8)
  14 fungi
  4 plants
  754 toadstools
795 creatures vanquished.

Grand Total: 1932 creatures vanquished

Notes
Turn   | Place    | Note
--------------------------------------------------------------
     0 | D:1      | Tolias, the Demonspawn Monk, began the quest for the Orb.
     0 | D:1      | Reached XP level 1. HP: 18/18 MP: 1/1
   316 | D:1      | gamw to theo ton pousti
   416 | D:1      | Reached skill level 4 in Unarmed Combat
   568 | D:1      | Gained mutation: You have sharp fingernails. [demonic ancestry]
   568 | D:1      | Reached XP level 2. HP: 17/24 MP: 2/2
  1290 | D:1      | Gained mutation: You are slightly more attuned to the shadows. [demonic ancestry]
  1290 | D:1      | Reached XP level 3. HP: 26/29 MP: 3/3
  1766 | D:2      | Found a glowing golden altar of the Shining One.
  1831 | D:2      | Gained mutation: Your muscles are strong. (Str +2) [potion of beneficial mutation]
  2017 | D:2      | Noticed Jessica
  2024 | D:2      | Killed Jessica
  2024 | D:2      | Reached skill level 5 in Unarmed Combat
  2109 | D:2      | Reached XP level 4. HP: 30/35 MP: 4/4
  2230 | D:2      | Found a stormy altar of Qazlal.
  2673 | D:3      | Noticed Grinder
  2726 | D:2      | Found an ancient bone altar of Kikubaaqudgha.
  2753 | D:3      | Noticed Robin
  3159 | D:3      | Killed Robin
  3609 | D:3      | Reached XP level 5. HP: 41/41 MP: 5/5
  3902 | D:3      | Reached skill level 6 in Unarmed Combat
  4026 | D:3      | Killed Grinder
  4026 | D:3      | Gained mutation: You can steal the life force of nearby defeated enemies. [demonic ancestry]
  4026 | D:3      | Reached XP level 6. HP: 25/48 MP: 6/6
  4173 | D:3      | Found a sacrificial altar of Ru.
  4186 | D:3      | Found an opulent altar of Gozag.
  4392 | D:4      | Noticed Eustachio
  4541 | D:4      | Gained mutation: You are partially covered in thin metallic scales (AC +2). [demonic ancestry]
  4541 | D:4      | Reached XP level 7. HP: 52/55 MP: 7/7
  4628 | D:4      | Reached skill level 5 in Fighting
  4950 | D:4      | Found a shimmering altar of Xom.
  5065 | D:5      | Entered Level 5 of the Dungeon
  5155 | D:5      | Reached skill level 5 in Dodging
  5221 | D:5      | Found an iron altar of Okawaru.
  5544 | D:5      | Found a shadowy altar of Dithmenos.
  5648 | D:5      | Found a sparkling altar of Nemelex Xobeh.
  5761 | D:5      | Gained mutation: You are resistant to hostile enchantments. [potion of beneficial mutation]
  6322 | D:6      | Noticed Duvessa
  6323 | D:6      | Noticed Dowan
  6434 | D:6      | Noticed Prince Ribbit
  6584 | D:6      | Reached skill level 1 in Evocations
  6744 | D:6      | Noticed Ijyb
  6759 | D:6      | Killed Ijyb
  6790 | D:6      | Gained mutation: You can steal the life force of defeated enemies. [demonic ancestry]
  6790 | D:6      | Reached XP level 8. HP: 42/62 MP: 9/9
  6831 | D:6      | Noticed Sigmund
  7177 | D:6      | Noticed Pikel
  7247 | D:5      | Killed Pikel
  7247 | D:5      | Reached skill level 7 in Unarmed Combat
  7548 | D:6      | Killed Prince Ribbit
  7548 | D:6      | Reached skill level 5 in Evocations
  7796 | D:6      | Killed Sigmund
  7796 | D:6      | Reached skill level 8 in Unarmed Combat
  7826 | D:6      | Gained mutation: You can steal the life force of all defeated enemies in sight. [demonic ancestry]
  7826 | D:6      | Reached XP level 9. HP: 68/68 MP: 16/16
  7882 | D:7      | Found a staircase to the Ecumenical Temple.
  7887 | Temple   | Entered the Ecumenical Temple
  8018 | Temple   | Became a worshipper of Fedhas Madash
  8018 | Temple   | Acquired Fedhas' first power
  8018 | Temple   | Acquired Fedhas' second power
  8427 | D:7      | Reached skill level 9 in Unarmed Combat
  8735 | D:5      | Noticed Crazy Yiuf
  8745 | D:5      | Killed Crazy Yiuf
  9016 | D:6      | Killed Dowan
  9030 | D:6      | Killed Duvessa
  9226 | D:8      | Reached skill level 10 in Unarmed Combat
  9569 | D:8      | Found Ymomyon's Assorted Antiques.
  9587 | D:8      | Bought a dented silver amulet for 95 gold pieces
  9587 | D:8      | Bought a golden ring for 95 gold pieces
  9587 | D:8      | Bought a scroll labeled XYLAZIUFIS for 19 gold pieces
  9587 | D:8      | Bought a scroll labeled LALEBEF TOAHIE for 19 gold pieces
  9587 | D:8      | Bought a puce potion for 17 gold pieces
  9608 | D:8      | Found Xerghaoth's Distillery.
  9615 | D:8      | Bought a potion of degeneration for 12 gold pieces
  9615 | D:8      | Bought a potion of curing for 36 gold pieces
  9615 | D:8      | Bought a potion of curing for 36 gold pieces
  9630 | D:8      | Found Anoafil's Book Boutique.
  9687 | D:8      | Found Klonaom's General Store.
  9716 | D:8      | Found Fiyna's Book Shop.
 10015 | D:8      | Reached skill level 11 in Unarmed Combat
 10275 | D:8      | Reached XP level 10. HP: 69/74 MP: 18/18
 10464 | D:8      | Noticed Gastronok
 10819 | D:9      | Found a basalt altar of Yredelemnul.
 10840 | D:9      | Found a staircase to the Lair.
 10884 | D:9      | Found a deep blue altar of Sif Muna.
 10924 | D:9      | Acquired Fedhas' third power
 11014 | D:9      | Reached skill level 1 in Invocations
 11461 | D:10     | Entered Level 10 of the Dungeon
 11462 | D:10     | Noticed Psyche
 11485 | Lair:1   | Entered Level 1 of the Lair of Beasts
 12450 | Lair:1   | Reached skill level 5 in Invocations
 12899 | Lair:2   | Gained mutation: You are significantly more attuned to the shadows. [demonic ancestry]
 12899 | Lair:2   | Reached XP level 11. HP: 36/84 MP: 21/21
 13747 | Lair:2   | Noticed Harold
 13870 | Lair:2   | Killed Harold
 14318 | Lair:3   | Noticed an ice dragon
 14389 | Lair:3   | Found a staircase to the Snake Pit.
 14405 | Lair:3   | gamw to mouni tou theou
 14464 | Lair:3   | Killed an ice dragon
 14659 | Lair:3   | Found a frozen archway.
 14808 | IceCv    | Entered an ice cave
 15087 | IceCv    | Reached skill level 1 in Armour
 15246 | IceCv    | Noticed an ice statue
 15246 | IceCv    | Noticed an ice devil
 15292 | IceCv    | Killed an ice devil
 15292 | IceCv    | Reached XP level 12. HP: 51/95 MP: 21/23
 15793 | IceCv    | Killed an ice statue
 16123 | IceCv    | Noticed a necromancer
 16129 | IceCv    | Killed a necromancer
 16606 | IceCv    | Noticed an ice statue
 16930 | IceCv    | Killed an ice statue
 17154 | Lair:3   | Found a staircase to the Shoals.
 17181 | Lair:3   | Acquired Fedhas' fourth power
 17773 | Lair:4   | Identified a scroll of acquirement
 18508 | Lair:4   | Got an encrusted cloak
 18519 | Lair:4   | Identified the +1 cloak "Goidgh" {rElec Str-3 Stlth+} (You acquired it on level 4 of the Lair of Beasts)
 18574 | Lair:4   | Found a staircase to the Swamp.
 19049 | Lair:5   | Reached skill level 10 in Fighting
 19126 | Lair:5   | Noticed a four-headed hydra
 19133 | Lair:5   | Killed a four-headed hydra
 19228 | Lair:5   | Reached skill level 12 in Unarmed Combat
 20008 | Lair:6   | Noticed Nergalle
 20104 | Lair:6   | Reached XP level 13. HP: 56/104 MP: 25/25
 20257 | Lair:6   | Found a staircase to the Slime Pits.
 21763 | Lair:7   | Gained mutation: You can spit poison. [potion of beneficial mutation]
 22022 | Lair:8   | Entered Level 8 of the Lair of Beasts
 22080 | Lair:7   | Reached skill level 13 in Unarmed Combat
 22124 | Lair:8   | Acquired Fedhas' fifth power
 23225 | Lair:8   | Found a runed door.
 23694 | Lair:8   | Reached skill level 14 in Unarmed Combat
 23745 | Lair:8   | Gained mutation: You are completely attuned to the shadows. [demonic ancestry]
 23745 | Lair:8   | Reached XP level 14. HP: 57/118 MP: 26/26
 25070 | D:10     | Killed Psyche
 25447 | D:10     | Found an opulent altar of Gozag.
 25710 | D:8      | Bought a book of Minor Magic for 260 gold pieces
 25713 | D:8      | Learned a level 2 spell: Blink
 25716 | D:8      | Learned a level 2 spell: Repel Missiles
 25979 | Lair:7   | Learned a level 5 spell: Blade Hands
 26426 | D:11     | Reached skill level 1 in Spellcasting
 26452 | D:11     | Found a staircase to the Orcish Mines.
 26463 | D:11     | Reached skill level 1 in Translocations
 26517 | D:11     | Reached skill level 1 in Air Magic
 26533 | D:11     | Reached skill level 1 in Charms
 26576 | D:11     | Reached skill level 1 in Transmutations
 29495 | D:13     | Noticed Erolcha
 29501 | D:13     | Killed Erolcha
 29979 | D:14     | Found a gate to the Vaults.
 30193 | D:14     | Identified a +1 rod of clouds (12/12) (You found it on level 14 of the Dungeon)
 30380 | D:14     | Reached XP level 15. HP: 43/124 MP: 27/27
 30694 | D:14     | Found Voraf's Antique Weapon Shop.
 31433 | D:15     | Entered Level 15 of the Dungeon
 31800 | D:15     | Reached skill level 5 in Charms
 31800 | D:15     | Reached skill level 5 in Translocations
 32056 | D:15     | Reached skill level 5 in Air Magic
 32187 | D:15     | Reached skill level 5 in Transmutations
 32466 | D:15     | Found a blossoming altar of Fedhas.
 32569 | D:15     | Noticed Maud
 32626 | D:15     | Killed Maud
 33341 | D:15     | Found a staircase to the Depths.
 33475 | Orc:1    | Entered Level 1 of the Orcish Mines
 33972 | Orc:2    | Found a roughly hewn altar of Beogh.
 34508 | Orc:3    | Reached skill level 15 in Unarmed Combat
 34717 | Orc:3    | Found a staircase to the Elven Halls.
 35024 | Orc:4    | Entered Level 4 of the Orcish Mines
 35727 | Orc:4    | Noticed Blork the orc
 35736 | Orc:4    | Killed Blork the orc
 35766 | Orc:4    | Noticed Saint Roka
 36183 | Orc:4    | Killed Saint Roka
 36237 | Orc:4    | Found a roughly hewn altar of Beogh.
 36272 | Orc:4    | Slain by an orc warrior

Action                   |  1- 3 |  4- 6 |  7- 9 | 10-12 | 13-15 || total
-------------------------+-------+-------+-------+-------+-------++-------
Melee: Unarmed           |   108 |   185 |   562 |   969 |  2372 ||  4196
Throw: Tomahawk          |     3 |    16 |    12 |    18 |    12 ||    61
       Javelin           |       |       |    16 |    23 |       ||    39
       Throwing net      |       |       |       |     1 |     1 ||     2
 Cast: Repel Missiles    |       |       |       |       |     4 ||     4
       Blink             |       |       |       |       |     1 ||     1
Invok: Evolution         |       |       |     1 |     6 |     8 ||    15
       Sunlight          |       |       |       |     4 |     7 ||    11
Evoke: Wand              |       |       |     3 |     8 |    18 ||    29
       Fan of gales      |       |       |       |       |     5 ||     5
       Rod               |       |       |       |       |     7 ||     7
       Stone of tremors  |       |       |       |       |     1 ||     1
       Phial of floods   |       |       |       |       |     1 ||     1
  Use: Scroll            |     5 |     1 |    17 |    12 |    28 ||    63
       Potion            |     1 |     2 |     4 |     5 |     6 ||    18
 Stab: Sleeping          |     6 |     4 |    14 |    27 |    68 ||   119
       Distracted        |     2 |     1 |     3 |     3 |    18 ||    27
       Confused          |       |       |       |     9 |     6 ||    15
       Held in net/web   |       |       |       |       |     1 ||     1
       Invisible         |       |       |       |       |     4 ||     4
       Paralysed         |       |       |       |       |     2 ||     2
  Eat: Chunk             |     3 |     7 |     7 |    18 |    41 ||    76
       Royal jelly       |       |     1 |     1 |     7 |     7 ||    16
       Meat ration       |       |       |     1 |       |       ||     1
       Beef jerky        |       |       |     2 |       |       ||     2
       Pizza             |       |       |       |     1 |     3 ||     4
